Map: Acolyte LE

Players

Squeezya - Winner!

  • Race: Protoss Protoss
  • League: Gold
  • Spawn Location: 7:00

drudnik

  • Race: Zerg Zerg
  • League: Gold
  • Spawn Location: 1:00

VOD

Have the link to the VOD?

Description

Time

  • Played on: Sept. 25, 2017, 1:13 p.m.
  • Length: 28:25
Show
View Real Time Build Order
Export as new Build Order

Squeezya Protoss - Winner!

Build Orders: 1 Gate Expand 

Get SALT Encoding   

  12  0:00  Probe (Chrono Boost)  
  13  0:13  Probe (Chrono Boost)  
  14  0:19  Pylon  
  14  0:24  Probe (Chrono Boost)  
  15  0:39  Gateway, Probe (Chrono Boost)  
  16  0:50  Assimilator, Probe (Chrono Boost)  
  17  1:00  Probe (Chrono Boost)  
  19  1:11  Probe (Chrono Boost)  
  19  1:22  Probe (Chrono Boost)  
  20  1:29  Nexus  
  20  1:41  Probe (Chrono Boost)  
  21  1:58  Probe (Chrono Boost)  
  22  2:02  Cybernetics Core  
  22  2:10  Gateway  
  22  2:12  Pylon  
  22  2:15  Assimilator, Probe (Chrono Boost)  
  23  2:30  Assimilator, Probe (Chrono Boost)  
  23  2:33  Pylon  
  24  2:41  Probe x2 (Chrono Boost)  
  26  2:51  Probe (Chrono Boost)  
  26  2:52  Probe (Chrono Boost)  
  26  2:53  Warp Gate (Chrono Boost)  
  28  2:59  Adept  
  28  3:00  Probe  
  28  3:02  Adept  
  28  3:03  Probe  
  34  3:11  Probe  
  34  3:15  Probe  
  36  3:22  Probe  
  37  3:28  Probe  
  37  3:34  Probe  
  38  3:40  Pylon, Mothership Core  
  41  3:42  Stalker x2  
  41  3:44  Probe  
  41  3:47  Pylon  
  46  3:55  Probe  
  46  3:56  Robotics Facility  
  46  4:01  Probe  
  48  4:08  Probe  
  48  4:13  Probe  
  48  4:17  Sentry  
  52  4:18  Adept  
  52  4:19  Probe  
  52  4:23  Assimilator  
  55  4:25  Probe  
  55  4:30  Probe  
  57  4:39  Pylon  
  57  4:43  Forge  
  57  4:44  Observer  
  58  4:49  Pylon  
  58  4:55  Probe x2 (Chrono Boost)  
  58  4:58  Adept x2  
  64  5:05  Probe x2 (Chrono Boost)  
  66  5:10  Pylon  
  66  5:16  Pylon  
  66  5:18  Probe x2 (Chrono Boost)  
  68  5:21  Gateway  
  68  5:25  Gateway  
  68  5:29  Probe x2 (Chrono Boost)  
  70  5:39  Nexus, Stalker  
  70  5:40  Pylon  
  70  5:41  Stalker  
  74  5:45  Probe x2 (Chrono Boost)  
  74  5:46  Pylon  
  74  5:49  Assimilator  
  76  5:54  Assimilator  
  76  5:55  Probe x2 (Chrono Boost)  
  76  5:56  Protoss Ground Weapons Level 1 (Chrono Boost)  
  78  6:00  Immortal  
  78  6:02  Twilight Council  
  82  6:13  Adept x2  
  82  6:17  Probe x2 (Chrono Boost)  
  88  6:28  Probe x2 (Chrono Boost)  
  90  6:33  Pylon  
  90  6:34  Immortal  
  94  6:40  Probe x2  
  94  6:41  Stalker x2  
  100  6:47  Stalker x2  
  100  6:50  Probe  
  100  6:52  Probe x2  
  107  7:01  Probe  
  107  7:04  Gateway, Probe x2  
  107  7:06  Gateway  
  110  7:08  Stalker  
  110  7:11  Probe  
  110  7:12  Immortal  
  113  7:16  Probe x2  
  119  7:24  Stargate  
  119  7:45  Stalker  
  119  7:46  Stalker x2  
  119  7:48  Stalker  
  119  7:50  Nexus  
  127  7:52  Immortal  
  127  7:53  Pylon  
  127  7:55  Pylon  
  127  7:56  Pylon  
  131  7:58  Pylon  
  131  7:59  Charge  
  131  8:03  Pylon  
  131  8:04  Forge  
  131  8:05  Protoss Ground Armor Level 1 (Chrono Boost)  
  131  8:07  Assimilator  
  131  8:09  Assimilator  
  131  8:13  Templar Archives  
  131  8:14  Sentry x2  
  135  8:42  Protoss Ground Weapons Level 2 (Chrono Boost)  
  135  9:01  High Templar x4  
  143  9:12  Gateway  
  143  9:13  Gateway  
  143  9:15  Gateway  
  143  9:20  Gateway  
  143  9:21  Gateway  
  143  9:23  Gateway  
  143  9:31  Psionic Storm  
  143  9:35  Adept x2  
  143  9:36  Adept x2  
  151  9:42  Immortal  
  155  9:54  Oracle  
  158  10:06  Fleet Beacon  
  158  10:08  Stargate  
  158  10:09  Stargate  
  158  10:12  Stargate  
  158  10:33  Stargate  
  158  10:38  Stargate  
  158  10:50  High Templar  
  158  10:51  High Templar x2  
  158  10:52  High Templar x2  
  158  10:55  Archon  
  158  10:56  Archon  
  168  11:08  Zealot  
  168  11:09  Zealot x4  
  173  11:33  Carrier x3  
  191  11:40  Pylon  
  191  11:41  Pylon  
  191  11:43  Pylon  
  191  11:47  High Templar  
  191  11:53  Archon  
  193  11:57  Carrier  
  141  12:20  Stalker x10  
  157  12:34  Graviton Catapult (Chrono Boost)  
  157  12:41  Carrier x2  
  169  12:46  Zealot x10  
  189  13:03  Carrier  
  195  14:12  Nexus  
  195  14:14  Pylon  
  195  14:16  Pylon  
  195  14:19  Pylon  
  195  14:20  Pylon  
  195  14:24  Pylon  
  195  14:27  Pylon  
  195  14:30  Assimilator  
  195  14:34  Assimilator  
  135  14:53  Stalker x6  
  135  14:54  Stalker x4  
  135  14:55  Stalker x2  
  155  15:06  Carrier x4  
  155  15:07  Carrier x2  
  191  15:17  Sentry x3  
  173  16:32  Carrier x4  
  191  16:35  Protoss Ground Weapons Level 3  
  191  16:38  Protoss Ground Armor Level 2  
  193  16:55  Blink  
  191  17:12  Carrier  
  169  17:42  Stalker x4  
  169  17:43  Stalker x7  
  169  17:44  Stalker  
  165  17:46  Carrier  
  157  18:12  High Templar x2  
  161  18:21  Warp Prism  
  161  18:22  Sentry  
  165  18:43  Carrier  
  171  19:06  Nexus  
  171  19:08  Pylon  
  171  19:10  Pylon  
  171  19:12  Pylon  
  171  19:15  Assimilator  
  170  19:18  Assimilator  
  170  19:19  Stalker  
  170  19:20  Stalker x4  
  170  19:21  Stalker x3  
  152  19:54  Stalker  
  152  19:55  Stalker x2  
  152  19:56  Stalker  
  146  20:04  Zealot x3  
  146  20:05  Zealot x5  
  144  20:24  Stalker x3  
  144  20:25  Stalker  
  134  20:41  Stalker x2  
  128  20:42  Stalker  
  128  20:44  Stalker  
  114  21:07  Stalker x2  
  114  21:08  Stalker x5  
  120  21:17  Stalker x2  
  108  21:27  Probe  
  108  21:28  Probe  
  108  21:29  Probe x3  
  113  21:38  Stalker x6, Probe x2  
  120  21:41  Probe x2  
  120  21:43  Carrier  
  128  21:55  Stalker  
  128  21:56  Stalker  
  106  22:26  Zealot  
  106  22:27  Zealot x7  
  112  22:58  Stalker  
  112  22:59  Stalker x4  
  112  23:00  Stalker x3  
  127  23:18  Void Ray x2  
  139  23:36  Cybernetics Core  
  135  24:07  Pylon  
  135  24:09  Pylon  
  135  24:11  Pylon  
  135  24:13  Assimilator  
  135  24:19  Assimilator  
  135  24:21  Zealot x6  
  134  24:50  Stalker x2  
  134  24:51  Stalker  
  140  24:58  Zealot x2  
  144  25:00  Zealot  
  142  25:25  Stalker x5  
  142  25:26  Stalker  
  154  25:29  Probe  
  149  26:07  Stalker x3  
  149  26:08  Stalker x3  
  161  26:12  Nexus  
  161  26:17  Pylon  
  161  26:19  Pylon  
  161  26:21  Pylon  
  161  26:24  Assimilator  
  159  26:29  Fleet Beacon, Assimilator  
  159  26:32  Pylon  
  145  26:35  Pylon  
  141  26:55  Mothership Core  
  84  27:32  Stalker x4  
  84  27:33  Stalker x2  
  82  28:01  Nexus  
  82  28:04  Pylon  
  80  28:07  Pylon  
  80  28:09  Pylon  
  80  28:12  Assimilator  
  80  28:14  Zealot x3  
  80  28:15  Zealot x3  
  80  28:17  Assimilator  
Show
View Real Time Build Order
Export as new Build Order

drudnik Zerg 

Build Orders: Hatch First 

Get SALT Encoding   

  12  0:02  Drone  
  13  0:08  Drone  
  14  0:22  Overlord  
  14  0:44  Hatchery  
  14  0:46  Drone  
  14  0:52  Drone  
  14  0:54  Drone  
  16  0:58  Drone  
  17  1:09  Drone  
  18  1:22  Spawning Pool, Drone  
  18  1:26  Extractor  
  17  1:50  Drone x2  
  19  2:06  Drone x3  
  22  2:19  Zergling x2  
  22  2:20  Zergling x2  
  22  2:21  Zergling x2  
  25  2:25  Drone  
  25  2:28  Hatchery  
  25  2:30  Extractor  
  25  2:35  Drone x2  
  26  2:41  Drone  
  28  2:51  Drone  
  28  2:53  Overlord  
  28  3:20  Drone x4  
  28  3:21  Drone  
  28  3:26  Extractor  
  32  3:28  Extractor  
  32  3:32  Lair  
  31  3:39  Hatchery  
  31  3:40  Roach Warren  
  31  3:41  Drone  
  30  3:47  Drone x2  
  32  3:48  Drone  
  32  3:51  Drone  
  32  3:53  Drone  
  35  4:05  Drone x3  
  35  4:06  Drone x2  
  40  4:13  Spore Crawler  
  40  4:15  Spore Crawler  
  38  4:18  Spore Crawler  
  38  4:21  Drone  
  38  4:23  Spore Crawler, Drone  
  38  4:25  Drone  
  38  4:27  Drone  
  40  4:32  Drone x2  
  42  4:51  Drone  
  42  4:52  Drone  
  44  4:55  Overlord x5  
  44  4:59  Overseer  
  44  5:08  Drone x4  
  44  5:13  Queen  
  50  5:14  Queen  
  50  5:18  Queen  
  50  5:21  Drone  
  55  5:22  Drone  
  55  5:24  Drone  
  55  5:26  Drone  
  58  5:28  Overseer  
  58  5:33  Overseer  
  58  5:36  Overseer  
  58  5:40  Drone  
  58  5:41  Drone x6  
  65  5:46  Drone x3  
  65  5:47  Drone  
  65  5:48  Drone  
  70  5:54  Drone x2  
  72  6:03  Hydralisk Den  
  71  6:04  Glial Reconstitution  
  71  6:05  Metabolic Boost, Spire  
  71  6:07  Drone x2  
  71  6:09  Drone  
  73  6:13  Extractor x2  
  71  6:23  Roach x3  
  77  6:29  Hatchery  
  77  6:32  Drone  
  77  6:35  Drone x3  
  77  6:36  Drone x7  
  77  6:37  Drone  
  88  6:42  Overlord x2  
  88  6:59  Overlord x2  
  88  7:00  Overlord x4  
  88  7:05  Hydralisk x2  
  88  7:06  Hydralisk x2  
  96  7:13  Roach x3  
  102  7:17  Ravager x2  
  102  7:18  Ravager  
  105  7:30  Hydralisk x4  
  105  7:31  Hydralisk x5  
  123  7:39  Corruptor x2  
  123  7:44  Drone x5  
  130  7:49  Drone  
  130  7:50  Drone x3  
  136  7:54  Muscular Augments  
  136  8:01  Corruptor x2  
  136  8:02  Corruptor  
  142  8:13  Evolution Chamber  
  142  8:15  Evolution Chamber, Roach  
  142  8:16  Roach x6  
  142  8:19  Extractor x2  
  152  8:22  Baneling Nest  
  152  8:26  Zerg Flyer Weapons Level 1  
  151  8:28  Overseer x2  
  151  8:35  Overseer x3  
  151  8:52  Corruptor x2  
  151  8:53  Corruptor  
  157  8:56  Overlord x4  
  157  9:09  Centrifical Hooks  
  157  9:13  Baneling x2  
  157  9:14  Baneling x4  
  157  9:16  Zergling x10  
  157  9:17  Zergling x16  
  164  9:18  Zergling x2  
  164  9:20  Zerg Melee Weapons Level 1  
  164  9:21  Zerg Missile Weapons Level 1  
  171  9:38  Roach x6  
  181  9:41  Hatchery  
  182  9:46  Infestation Pit, Hatchery  
  180  9:54  Baneling x8  
  180  9:55  Baneling x9  
  180  9:56  Baneling  
  180  10:31  Corruptor  
  180  10:32  Corruptor x4  
  190  10:38  Overlord x3  
  190  10:46  Hive  
  190  10:58  Hydralisk x5  
  200  11:14  Zerg Ground Armor Level 1  
  154  12:15  Hydralisk x7  
  120  12:24  Roach x6  
  120  12:25  Roach x9  
  150  12:30  Zergling x10  
  155  12:45  Greater Spire  
  155  12:49  Zerg Melee Weapons Level 2  
  155  13:02  Baneling x8  
  155  13:03  Baneling x2  
  155  13:08  Zerg Missile Weapons Level 2  
  155  13:13  Roach  
  155  13:14  Roach x7  
  155  13:15  Roach x12  
  155  13:16  Roach  
  197  13:31  Corruptor  
  199  13:46  Ravager  
  113  14:57  Corruptor x7  
  113  14:58  Corruptor x7, Extractor  
  113  14:59  Corruptor x7  
  119  15:00  Corruptor x5, Extractor  
  130  15:07  Zerg Flyer Armor Level 1  
  121  16:01  Corruptor  
  121  16:02  Corruptor x8  
  121  16:03  Corruptor x3  
  142  16:10  Brood Lord  
  144  16:16  Zergling x4  
  144  16:17  Zergling x20  
  144  16:18  Zergling x6  
  145  16:34  Brood Lord x2  
  144  16:46  Brood Lord x2  
  130  17:01  Zerg Flyer Weapons Level 2  
  122  17:09  Brood Lord  
  122  17:10  Brood Lord  
  119  17:55  Corruptor x3  
  125  18:04  Hatchery  
  124  18:16  Hatchery  
  123  18:54  Brood Lord  
  123  18:55  Brood Lord  
  127  18:57  Hatchery  
  108  20:13  Corruptor x2  
  108  20:14  Corruptor x6  
  124  20:39  Brood Lord  
  102  21:26  Lair  
  102  21:28  Lair x2  
  102  21:29  Lair  
  102  21:35  Brood Lord  
  102  21:37  Brood Lord  
  101  22:16  Drone x7  
  101  22:17  Drone x5  
  104  23:33  Hatchery  
  103  23:50  Drone x2  
  103  23:51  Drone x4, Hatchery  
  108  24:05  Drone x2  
  102  24:36  Drone x2  
  102  24:37  Drone  
  96  24:48  Extractor  
  96  24:49  Extractor  
  94  24:54  Spire  
  93  25:34  Drone x6  
  99  25:58  Drone x4  
  96  26:12  Drone x2  
  84  26:23  Drone  
  85  26:40  Hatchery  
  85  26:44  Drone x3  
  87  26:55  Hatchery  
Tags
 
Add a new tag
Caveats
  • Supply blocks, unpowered buildings, or Contaminate may cause inaccurate times.
  • Supply counts are checked every 10 seconds.